 Dungeon Crawl Stone Soup version 0.26.1-11-gd32895ea62 (webtiles) character file.

Game seed: 9829306660999437662

72 ubername the Slasher (level 4, -2/37 HPs)
             Began as a Barachi Monk on July 7, 2021.
             Slain by a gnoll
             ... wielding a +0 spear
              (5 damage)
             ... on level 3 of the Dungeon.
             The game lasted 00:05:23 (2565 turns).

ubername the Slasher (Barachi Monk)                 Turns: 2565, Time: 00:05:23

Health: -2/37      AC:  7    Str: 13    XL:     4   Next: 26%
Magic:  4/4        EV: 13    Int: 11    God:
Gold:   95         SH:  0    Dex: 14    Spells: 3/3 levels left

rFire    . . .     SeeInvis .   a - +0 falchion
rCold    . . .     Faith    +   (no shield)
rNeg     . . .     Spirit   .   h - +0 leather armour
rPois    +         Reflect  .   l - +2 helmet
rElec    .         Harm     .   r - +0 cloak
rCorr    .         Rampage  .   (no gloves)
Will     .....                  (no boots)
Stlth    ++........             g - amulet of faith
HPRegen  0.12/turn              f - ring of poison resistance
MPRegen  0.09/turn              (no ring)

@: slow
A: +LOS, swims, slowness 1, strong legs 1
a: Hop


You were on level 3 of the Dungeon.
You visited 1 branch of the dungeon, and saw 3 of its levels.

You collected 95 gold pieces.

Inventory:

Hand Weapons
 a - a +0 falchion (weapon)
Missiles
 m - 15 poisoned darts (quivered)
 t - 97 stones
Armour
 b - a +1 robe
 h - a +0 leather armour (worn)
 l - a +2 helmet (worn)
 r - a +0 cloak (worn)
Jewellery
 f - a ring of poison resistance (left hand)
 g - an amulet of faith (around neck)
Scrolls
 e - a scroll of enchant armour
 i - 2 scrolls of identify
 n - a scroll of blinking
 o - a scroll of fear
 p - a scroll of immolation {unknown}
 q - 5 scrolls of fog
Potions
 c - a potion of haste {unknown}
 d - 2 potions of degeneration {unknown}
 j - 2 potions of heal wounds {unknown}
 k - a potion of magic {unknown}
 s - a potion of invisibility


   Skills:
 + Level 4.2 Fighting
 + Level 4.4 Long Blades
 + Level 0.6 Throwing
 + Level 0.2 Armour
 + Level 4.0 Dodging
 + Level 2.2 Stealth


You had 3 spell levels left.
You didn't know any spells.
Your spell library was empty.

Dungeon Overview and Level Annotations

Branches:
Dungeon (3/15)

Altars:
Ashenzari
Elyvilon
Gozag
Wu Jian


Innate Abilities, Weirdness & Mutations

You can be seen from farther away. (+LOS)
You can swim through water.
You cover ground slowly.
You can hop short distances.


Message History

You kill the gnoll!
The gnoll barely misses you.
Your Dodging skill increases to level 4!
You see here a +0 spear.
You hit the gnoll.
The gnoll is moderately wounded.
The gnoll hits you but does no damage. The gnoll hits you.
You barely miss the gnoll.
The gnoll is moderately wounded.
The gnoll hits you but does no damage.
The orc priest invokes the aid of Beogh against you.
Beogh smites you!
* * * LOW HITPOINT WARNING * * *
The gnoll barely misses you.
You barely miss the gnoll. The gnoll misses you.
You riposte.
You hit the gnoll but do no damage. The gnoll barely misses you.
You hit the gnoll.
The gnoll is moderately wounded.
The gnoll hits you with a +0 spear.
You die...

#.#......#
######.######.#
#≈≈.........#.#
#≈≈......♣..#.#######
#≈≈≈≈...._..#.......#
#≈≈≈.....)..###†....#
#≈≈≈≈.......#.#.....#
#≈≈≈........#.#.....####
#≈..........#@g.......>#
##########.##g#.....##.#
#.#or#†....##.#
#....#.....##.#
##...#.....##.#
#...#.....##.#
#...#.....##.#
#...#.....##.#
#...########.#


You could see an orc priest, 2 gnolls and a rat.

Vanquished Creatures
  A gnoll (D:3)
  An adder (D:3)
  A leopard gecko (D:3)
  11 bats
  3 giant cockroaches
  5 goblins
  8 hobgoblins
  9 kobolds
  3 quokkas
  5 frilled lizards
  A rat (D:3)
48 creatures vanquished.

Notes
Turn   | Place    | Note
-------+----------+-------------------------------------------
     0 | D:1      | ubername the Barachi Monk began the quest for the Orb.
     0 | D:1      | Reached XP level 1. HP: 18/18 MP: 1/1
    36 | D:1      | Found a broken altar of Ashenzari.
   275 | D:1      | Reached XP level 2. HP: 25/25 MP: 2/2
   778 | D:2      | Found an opulent altar of Gozag.
  1188 | D:2      | Reached XP level 3. HP: 30/30 MP: 3/3
  1309 | D:2      | Found a white marble altar of Elyvilon.
  1367 | D:2      | Found a faded altar of an unknown god.
  2402 | D:3      | Reached XP level 4. HP: 37/37 MP: 4/4
  2451 | D:3      | Found an ornate altar of the Wu Jian Council.
  2565 | D:3      | Slain by a gnoll

Illustrated notes

Levels and vault maps discovered:
D:1:      minmay_arrival_three_doors, layout_basic, serial_bayou_ford_a,
          minmay_misc_feat_more_columns, nicolae_ashenzari_panopticon
D:2:      layout_loops_cross, nicolae_overflow_crystal_walls, elyvilon_altar_1,
          chequers_ecumenical_altar_simple_redux
D:3:      layout_basic, nzn_wu_jian_contemplation, tso_altar, fedhas_altar_4,
          minmay_vboxes

Skill      XL: |  1  2  3  4 |
---------------+-------------+-----
Fighting       | 4 |  4.2
Stealth        | 2 |  2.2
Long Blades    | 4 |  4.4
Dodging        | 4 |  4.0
Throwing       | |  0.6
Armour         | |  0.2

Action                   |  1- 3 |  4- 6 || total
-------------------------+-------+-------++-------
Melee: Falchion          |    99 |    20 ||   119
Throw: Dart              |    17 |     7 ||    24
  Use: Scroll            |     6 |       ||     6
 Stab: Sleeping          |     4 |       ||     4
Armor: Robe              |    23 |       ||    23
       Leather armour    |     5 |    12 ||    17
Dodge: Dodged            |    97 |    17 ||   114
       Rpst.: Falchion   |    30 |     2 ||    32
